 Dungeon Crawl Stone Soup version 0.31-a0-879-g1609e0ac53 (webtiles) character file.

Game seed: 13217989103680717444

19230184 redmage the Englaciator (level 27, 216/216 HPs)
             Began as an Octopode Shapeshifter on Oct 10, 2023.
             Was an Initiate of Gozag.
             Escaped with the Orb
             ... and 15 runes on Oct 14, 2023!
             The game lasted 10:05:33 (79708 turns).

redmage the Englaciator (Octopode Shapeshifter)    Turns: 79708, Time: 10:05:34

Health: 216/216    AC: 16    Str: 38    XL:     27
Magic:  48/48      EV: 61    Int: 19    God:    Gozag
Gold:   5783       SH:  0    Dex: 20    Spells: 6/50 levels left

rFire   + .          .
                       - Unarmed
rCold   + . .        n - melded +8 tower shield {rF+}
rNeg    + . .        V - melded +1 hat of the Kangaroo {rC+ Slay+3}
rPois   ∞            U - amulet "Zouc" {RegenMP Regen+ Dex+2}
rElec   +            R - ring of protection from fire
rCorr   .            F - ring of the Queen {Drain rC+ Will+ MP+9 Str+6}
SInv    +            C - +4 ring of protection
Will    ++++.        t - +5 ring of evasion
Stlth   ++           I - ring of the Mage {Wiz Archmagi}
HPRegen 1.36/turn    f - ring "Bunt" {rN+ Str+3 SInv}
MPRegen 0.71/turn    X - ring "Ogiffa" {EV+5 Str+4}
                     M - ring of Itaxuxic {rElec Str+6 Int+3 Slay+2}

%: wizardry (x1), archmagi
@: storm-form, gold aura, flying, studying 4 skills
A: cleaving, insubstantial, flying, almost no armour, amphibious, 8 rings,
(camouflage 1), (gelatinous body 1), (nimble swimmer 1), (tentacles), (large
bone plates 1), strong-willed 1, strong 1, devolution 1
0: Orb of Zot
}: 15/15 runes: serpentine, barnacled, slimy, silver, golden, iron, obsidian,
icy, bone, abyssal, demonic, glowing, magical, fiery, dark
a: Blinkbolt, Begin Untransformation, Renounce Religion, Potion Petition, Call
Merchant, Bribe Branch


You escaped.
You worshipped Gozag.
Gozag was greatly pleased with you.
You were a lightning-filled tempest!
You visited 18 branches of the dungeon, and saw 88 of its levels.
You visited Pandemonium 2 times, and saw 24 of its levels.
You visited the Abyss 4 times.
You visited 1 bazaar.
You visited 1 ziggurat, and saw 8 of its levels.
You also visited: Trove and Wizlab.

You collected 57562 gold pieces.
You spent 10484 gold pieces at shops.
You paid 41295 gold pieces to Gozag.

Inventory:

Hand Weapons
 a - the +3 Elemental Staff {ele, rElec rF+ rC+ AC+3}
   (You found it on level 8 of a ziggurat)

   AC+3:      It affects your AC (+3).
   rF+:       It protects you from fire.
   rC+:       It protects you from cold.
   rElec:     It insulates you from electricity.
Missiles
 h - 8 throwing nets (quivered)
Armour
 n - a +8 tower shield of fire resistance (melded)
 S - the +0 hat of Knowledge {rC+ rCorr}
   (You acquired it in Pandemonium)

   rC+:       It protects you from cold.
   rCorr:     It protects you from acid and corrosion.
 V - the +1 hat of the Kangaroo (melded) {rC+ Slay+3}
   (You bought it in a shop on level 1 of the Snake Pit)

   Slay+3:    It affects your accuracy & damage with ranged weapons and melee
   (+3).
   rC+:       It protects you from cold.
Jewellery
 c - the ring of Makhleb's Envy {Ice rN+ Str+6 Int+4}
   (You bought it in a shop on level 8 of the Dungeon)

   [ring of ice]

   Ice:       It enhances your ice magic.
   Str+6:     It affects your strength (+6).
   Int+4:     It affects your intelligence (+4).
   rF-:       It makes you vulnerable to fire.
   rC+:       It protects you from cold.
   rN+:       It protects you from negative energy.
 f - the ring "Bunt" (on tentacle) {rN+ Str+3 SInv}
   (You found it on level 7 of Gehenna)

   [ring of see invisible]

   Str+3:     It affects your strength (+3).
   rN+:       It protects you from negative energy.
   SInv:      It lets you see invisible.
 t - a +5 ring of evasion (on tentacle)
 C - a +4 ring of protection (on tentacle)
 F - the ring of the Queen (right tentacle) {Drain rC+ Will+ MP+9 Str+6}
   (You found it on level 9 of the Dungeon)

   [ring of magical power]

   Str+6:     It affects your strength (+6).
   rC+:       It protects you from cold.
   Will+:     It increases your willpower.
   MP+9:      It affects your magic capacity (+9).
   Drain:     It drains your maximum health when unequipped.
 I - the ring of the Mage (on tentacle) {Wiz Archmagi}
   (You found it on level 5 of the Vaults)

   [ring of wizardry]

   Wiz:       It improves your spell success rate.
   Archmagi:  It increases the power of your magical spells.
 J - a +4 ring of slaying
 M - the ring of Itaxuxic (on tentacle) {rElec Str+6 Int+3 Slay+2}
   (You bought it in a shop on level 1 of the Shoals)

   [ring of strength]

   Str+6:     It affects your strength (+6).
   Int+3:     It affects your intelligence (+3).
   Slay+2:    It affects your accuracy & damage with ranged weapons and melee
   (+2).
   rElec:     It insulates you from electricity.
 O - the ring "Weantath" {rC- Str+2 Int+3 Slay+3 SInv}
   (You bought it in a shop on level 8 of the Dungeon)

   [ring of see invisible]

   Str+2:     It affects your strength (+2).
   Int+3:     It affects your intelligence (+3).
   Slay+3:    It affects your accuracy & damage with ranged weapons and melee
   (+3).
   rC-:       It makes you vulnerable to cold.
   SInv:      It lets you see invisible.
 R - a ring of protection from fire (left tentacle)
 T - the ring "Joygalef" {Will- rCorr Dex+6 SInv}
   (You found it on level 1 of the Crypt)

   [ring of see invisible]

   Dex+6:     It affects your dexterity (+6).
   Will-:     It decreases your willpower.
   SInv:      It lets you see invisible.
   rCorr:     It protects you from acid and corrosion.
 U - the amulet "Zouc" (around neck) {RegenMP Regen+ Dex+2}
   (You bought it in a shop on level 1 of the Shoals)

   [amulet of magic regeneration]

   RegenMP:   It increases your rate of magic regeneration.
   Dex+2:     It affects your dexterity (+2).
   Regen+:    It increases your rate of health regeneration.
 X - the ring "Ogiffa" (on tentacle) {EV+5 Str+4}
   (You bought it in a shop on level 8 of the Dungeon)

   [ring of evasion]

   EV+5:      It affects your evasion (+5).
   Str+4:     It affects your strength (+4).
 Y - the amulet "Osannag" {RegenMP Fly rF+}
   (You found it on level 3 of the Tomb of the Ancients)

   [amulet of magic regeneration]

   RegenMP:   It increases your rate of magic regeneration.
   rF+:       It protects you from fire.
   Fly:       It grants you flight.
Talismans
 l - a storm talisman (active)
 s - a granite talisman
 K - a talisman of death
Wands
 y - a wand of roots (90)
 A - a wand of quicksilver (60)
 W - a wand of digging (20)
Scrolls
 b - 5 scrolls of torment
 e - 17 scrolls of fog
 g - 3 scrolls of revelation
 i - 9 scrolls of fear
 r - 3 scrolls of blinking
 u - 12 scrolls of teleportation
 v - 6 scrolls of silence
 B - 7 scrolls of summoning
 E - 4 scrolls of enchant armour
 H - 12 scrolls of amnesia
 N - 12 scrolls of immolation
Potions
 d - 7 potions of resistance
 j - 8 potions of might
 k - 22 potions of heal wounds
 m - 21 potions of curing
 o - 13 potions of enlightenment
 p - 13 potions of mutation
 q - 5 potions of haste
 w - 4 potions of berserk rage
 x - 11 potions of brilliance
 z - 10 potions of magic
 D - 5 potions of cancellation
 P - 4 potions of ambrosia
Miscellaneous
 Z - a figurine of a ziggurat


   Skills:
 + Level 24.8 Fighting
 - Level 6.0 Short Blades
 + Level 23.8 Dodging
 - Level 16.0 Stealth
 - Level 25.0 Shields
 O Level 27 Unarmed Combat
 - Level 12.0 Spellcasting
 - Level 6.0 Conjurations
 - Level 11.0 Necromancy
 - Level 6.0 Translocations
 - Level 4.0 Transmutations
 O Level 27 Ice Magic
 - Level 6.0 Air Magic
 - Level 5.0 Earth Magic
 - Level 2.0 Evocations
 - Level 24.0 Shapeshifting


You had 6 spell levels left.
You knew the following spells:

 Your Spells              Type           Power      Damage    Failure   Level
a - Freezing Cloud        Conj/Ice/Air   37%        6-21      1%          5
b - Wereblood             Tmut           39%        N/A       1%          2
c - Vhi's Electric Charg  Tloc/Air       100%       N/A       1%          4
d - Manifold Assault      Tloc           50%        N/A       1%          4
e - Borgnjor's Vile Clut  Necr/Erth      29%        N/A       2%          5
f - Blink                 Tloc           100%       N/A       1%          2
g - Death Channel         Necr           34%        N/A       4%          6
h - Polar Vortex          Ice            53%        12d7*     4%          9
i - Passwall              Tmut/Erth      35%        N/A       1%          2
q - Apportation           Tloc           100%       N/A       1%          1
z - Passage of Golubria   Tloc           50%        N/A       1%          4

Your spell library contained the following spells:

 Spells                   Type           Power      Damage    Failure   Level
 Freeze                   Ice            100%       1d10      0%          1
 Frozen Ramparts          Ice            100%       1d16      0%          3
 Hailstorm                Conj/Ice       84%        3d17      0%          3
 Ozocubu's Armour         Ice            100%       N/A       0%          3
 Foxfire                  Conj/Fire      100%       2x1d9     1%          1
 Kiss of Death            Conj/Necr      100%       2d13      1%          1
 Magic Dart               Conj           100%       1d8       1%          1
 Necrotise                Necr           100%       1d9       1%          1
 Sandblast                Erth           90%        2d19      1%          1
 Sting                    Tmut/Pois      100%       1d8       1%          1
 Cigotuvi's Dreadful Rot  Necr/Pois/Air  98%        N/A       1%          2
 Ensorcelled Hibernation  Hex/Ice        100%       N/A       1%          2
 Lesser Beckoning         Tloc           100%       N/A       1%          2
 Momentum Strike          Conj/Tloc      100%       3d10      1%          2
 Poisonous Vapours        Pois/Air       68%        N/A       1%          2
 Searing Ray              Conj           100%       2d8       1%          2
 Static Discharge         Conj/Air       100%       2-7/arc   1%          2
 Gell's Gravitas          Tloc           50%        N/A       1%          3
 Mephitic Cloud           Conj/Pois/Air  39%        N/A       1%          3
 Stone Arrow              Conj/Erth      96%        3d13      1%          3
 Teleport Other           Tloc           50%        N/A       1%          3
 Vampiric Draining        Necr           68%        2d10      1%          3
 Airstrike                Air            25%        2d(4-20)  1%          4
 Iskenderun's Mystic Bla  Conj/Tloc      50%        2d11      1%          4
 Summon Ice Beast         Ice/Summ       76%        N/A       1%          4
 Agony                    Necr           68%        N/A       1%          5
 Metabolic Englaciation   Hex/Ice        38%        N/A       1%          5
 Slow                     Hex            68%        N/A       2%          1
 Summon Small Mammal      Summ           68%        N/A       2%          1
 Dazzling Flash           Conj/Hex       68%        N/A       2%          3
 Volatile Blastmotes      Fire/Tloc      68%        2d15      2%          3
 Anguish                  Hex/Necr       24%        N/A       2%          4
 Brom's Barrelling Bould  Conj/Erth      48%        2d7       2%          4
 Call Imp                 Summ           34%        N/A       3%          2
 Jinxbite                 Hex            34%        N/A       3%          2
 Scorch                   Fire           34%        2d6       3%          2
 Ignite Poison            Fire/Tmut/Pois 24%        N/A       4%          3
 Arcjolt                  Conj/Air       25%        1d35      6%          5
 Iskenderun's Battlesphe  Conj           50%        2d10      6%          5
 Dimensional Bullseye     Hex/Tloc       17%        N/A       7%          4
 Flame Wave               Conj/Fire      34%        2d10      7%          4
 Fulminant Prism          Conj/Hex       17%        3d10      7%          4
 Sticky Flame             Conj/Fire      34%        2d5       7%          4
 Summon Lightning Spire   Summ/Air       34%        N/A       7%          4
 Call Canine Familiar     Summ           17%        N/A       8%          3
 Sigil of Binding         Hex            17%        N/A       8%          3
 Summon Guardian Golem    Hex/Summ       17%        N/A       8%          3
 Tukima's Dance           Hex            17%        N/A       8%          3
 Leda's Liquefaction      Hex/Erth       15%        N/A       9%          4
 Irradiate                Conj/Tmut      22%        3d19      9%          5
 Fireball                 Conj/Fire      17%        3d9       19%         5
 Silence                  Hex/Air        17%        N/A       19%         5
 Summon Forest            Summ/Tloc      17%        N/A       19%         5
 Cause Fear               Hex            8%         N/A       24%         4
 Olgreb's Toxic Radiance  Pois           17%        N/A       24%         4
 Alistair's Intoxication  Tmut/Pois      18%        N/A       28%         5
 Yara's Violent Unravell  Hex/Tmut       14%        3d7       28%         5
 Conjure Ball Lightning   Conj/Air       25%        3x3d7     30%         6
 Dispersal                Tloc           25%        N/A       30%         6
 Bombard                  Conj/Erth      24%        9d5       34%         6
 Summon Mana Viper        Hex/Summ       17%        N/A       52%         5
 Plasma Beam              Fire/Air       17%        2x1d28    69%         6
 Starburst                Conj/Fire      17%        6d6       69%         6
 Eringya's Noxious Bog    Tmut/Pois      14%        4d6       82%         6
 Summon Cactus Giant      Summ           8%         N/A       97%         6
 Ozocubu's Refrigeration  Ice            53%        4d19      1%          7
 Orb of Destruction       Conj           25%        9d9       83%         7
 Borgnjor's Revivificati  Necr           34%        N/A       83%         8
 Haunt                    Necr/Summ      24%        N/A       88%         7
 Spellforged Servitor     Conj/Summ      17%        N/A       99%         7
 Enfeeble                 Hex            8%         N/A       100%        7
 Monstrous Menagerie      Summ           8%         N/A       100%        7
 Summon Hydra             Summ           8%         N/A       100%        7
 Discord                  Hex            8%         N/A       100%        8
 Disjunction              Tloc           25%        N/A       100%        8
 Ignition                 Fire           8%         3d5       100%        8
 Lehudib's Crystal Spear  Conj/Erth      24%        10d7      100%        8
 Maxwell's Capacitive Co  Air            25%        ∞         100%        8
 Summon Horrible Things   Summ           8%         N/A       100%        8
 Chain Lightning          Conj/Air       25%        3d33      100%        9
 Death's Door             Necr           34%        N/A       100%        9
 Dragon's Call            Summ           8%         N/A       100%        9
 Fire Storm               Conj/Fire      17%        8d4       100%        9
 Shatter                  Erth           22%        3d20*     100%        9
 Sublimation of Blood     Necr           Unusable   N/A       N/A         2
 Animate Dead             Necr           Unusable   N/A       N/A         4
 Simulacrum               Ice/Necr       Unusable   N/A       N/A         6
 Animate Armour           Summ/Erth      Unusable   N/A       N/A         4

Dungeon Overview and Level Annotations

Branches:
Dungeon (15/15)            Temple (1/1) D:4            Lair (5/5) D:8
 Shoals (4/4) Lair:2        Snake (4/4) Lair:2        Slime (5/5) Lair:5
    Orc (2/2) D:12            Elf (3/3) Orc:2        Vaults (5/5) D:14
  Crypt (3/3) Vaults:3       Tomb (3/3) Crypt:3      Depths (4/4) D:15
   Hell (visited)             Dis (7/7) Hell            Geh (7/7) Hell
    Coc (7/7) Hell            Tar (7/7) Hell            Zot (5/5) Depths:4
 WizLab (visited)

Altars:
Ashenzari
Cheibriados
Dithmenos
Elyvilon
Fedhas
Gozag
Hepliaklqana
Kikubaaqudgha
Makhleb
Nemelex Xobeh
Okawaru
Qazlal
Ru
Sif Muna
Trog
Uskayaw
Vehumet
Wu Jian
Xom
Yredelemnul
Zin
The Shining One
Jiyva

Shops:
D:8 =***   D:12 [   D:14 *   D:15 ?:*   Orc:1 =   Orc:2 =[*(*   Elf:1 =
Elf:3 ?   Shoals:1 =:   Shoals:3 (   Snake:1 =([(*   Snake:2 :   Tomb:1 *=
Depths:1 *!

Portals:
Hell: Depths:1 Depths:2 Depths:3 Depths:4
Abyss: Snake:3 Depths:3
Pandemonium: Depths:2 Depths:4

Annotations:
D:6 3 runed translucent doors, kd29's ghost, novice GrEE
D:12 1 exclusion, Frances
D:13 1 exclusion
Temple 2 transporters
Snake:3 2 transporters, Pos Urai's ghost, adept MiBe
Snake:4 1 exclusion, Mara
Elf:1 exclusion: orange crystal statue
Elf:2 5 runed translucent doors, 1 exclusion
Depths:2 3 runed translucent doors, SirDiesAlot's ghost, adept MiFi


Innate Abilities, Weirdness & Mutations

You are a lightning-filled tempest!
Your electrical attacks strike out in all directions at once.
You are incredibly evasive.
Your insubstantial body is immune to petrification, constriction, and being set on fire You are flying.
Your armour is entirely melded.
You are incapable of wielding weapons or throwing items.
You cannot wear most types of armour.
You are amphibious.
You can wear up to eight rings at the same time.
You are immune to poison.
((Your skin changes colour to match your surroundings (Stealth+).))
((Your rubbery body absorbs attacks. (AC +1, EV +1)))
((You are camouflaged when in or above water. (Stealth+)))
((You have tentacles for arms and can constrict up to eight enemies at once.))
((You are partially covered in large bone plates. (SH +4)))
You are strong-willed. (Will+)
Your muscles are strong. (Str +4, Int/Dex -1)
You have hidden genetic defects.


Message History

There is a stone staircase leading down here.
Casting: Polar Vortex (dangerous; 4% risk of failure)
Confirm with . or Enter, or press ? or * to list all spells.
Aiming: Passwall (safe; 1% risk of failure)
Press: ? - help, Dir - move target A rock wall.
This square is covered in magical glow.
You feel a surge of power!
The komodo dragon hisses angrily.
You begin to meditate on the wall.
You continue meditating on the rock. x2
Magic restored.
You finish merging with the rock.
Unknown command.
There is a stone staircase leading up here.
You fly upwards.
There is a stone staircase leading down here.
There is a stone staircase leading down here.
You reach down and open the door.
There is an open door here.
There is a stone staircase leading up here.
You fly upwards.
There is a stone staircase leading down here.
There is a stone staircase leading up here.
You fly upwards.
There is a stone staircase leading down here.
There is an escape hatch in the ceiling here.
A mysterious force pulls you upwards. The hatch slams shut behind you.
You can't go up here!
An Orb Guardian comes into view.
The Orb Guardian moves out of view.
There is a stone staircase leading up here.
You blast the Orb Guardian!!!!
You kill the Orb Guardian!
No target in view!
You fly upwards.
There is a stone staircase leading down here.
A hell hog comes into view.
There is a staircase leading out of the dungeon here.
Unknown command.
You have escaped!

#.# ##.#####.##..... #.# ######
#........##.##)#
#.###...~♣♣♣♣♣~..######.##.#
#.##..#~~≈≈♣♣≈~~..## #..#.#
####.#...#♣≈~~~~~≈♣...####....#
#.........♣≈~~~~~≈♣...+........
#.##......♣≈~~~~~♣♣...####.....
#.##.##..#♣♣~~~~~≈♣..## #.....
#.##.###.#♣♣~~v~~≈♣.## #.....
#.##.....#♣≈~~~~~≈♣## #.....
#.##.###.#♣♣~~~~~≈♣ ###.##
#........#♣♣~~~~~≈♣ #.#
####...>..♣♣~~~~~≈♣##### #.#
#####.#~~≈♣♣♣♣~~#...# #.#
#####...~♣♣♣♣♣~.#...### #.#
#.......## #..........###.#
#.###.#.## ##.............#


There were no monsters in sight!

Vanquished Creatures
  Cerebov (Pan)
  Antaeus (Coc:7)
  the Royal Jelly (Slime:5)
  Asmodeus (Geh:7)
  Dissolution (Slime:4)
  Gloorx Vloq (Pan)
  Ereshkigal (Tar:7)
  Lom Lobon (Pan)
  Mnoleg (Pan)
  2 dread liches
  Dispater (Dis:7)
  Khufu (Tomb:3)
  Mennas (Pan)
  3 ancient liches
  8 pandemonium lords
  2 juggernauts (Dis:7)
  28 royal mummies
  3 Killer Klowns (Zot:5)
  9 shard shrikes
  Boris (Tomb:2)
  Margery (Crypt:2)
  A Head Instructor (WizLab)
  17 caustic shrikes
  Geryon (Hell)
  Saint Roka (Vaults:3)
  3 curse toes (Zot:5)
  7 golden dragons
  Nikola (Vaults:1)
  Jory (Crypt:3)
  7 profane servitors
  15 doom hounds
  5 bone dragons
  23 Tzitzimimeh
  14 Brimstone Fiends
  2 electric golems
  8 iron giants
  10 tentacled monstrosities
  A spectral shard shrike (Tar:5)
  2 shard shrike zombies
  Jorgrun (D:13)
  10 hellephants
  14 Hell Sentinels
  Zenata (Elf:2)
  16 tainted leviathans
  22 Ice Fiends
  Grunn (Crypt:2)
  14 Orb Guardians
  2 deep elf blademasters (Elf:3)
  19 searing wretches
  2 deep elf master archers (Elf:3)
  13 liches
  5 quicksilver dragons
  A walking divine tome (Depths:3)
  26 acid blobs
  23 titans
  32 ancient champions
  4 death cobs
  Polyphemus (Shoals:2)
  6 sphinxes
  15 tentacled starspawn (Abyss:3)
  29 Executioners
  3 draconian monks (Depths:4)
  9 tengu reavers
  10 storm dragons
  Kirke (D:13)
  6 revenants
  13 shadow dragons
  6 azure jellies
  5 demonspawn warmongers (Pan)
  Donald (Elf:1)
  15 nagarajas
  3 draconian knights (WizLab)
  22 fire giants
  9 rockslimes
  10 frost giants
  A daeva (Abyss:3)
  20 vault wardens
  2 deep elf sorcerers
  14 quicksilver elementals
  Roxanne (Snake:3)
  6 iron dragons
  A ghost moth (Zot:5)
  11 narguns
  2 deep elf elementalists
  A spectral juggernaut (Tar:4)
  Louise (Elf:2)
  A juggernaut zombie (Abyss:3)
  6 shard shrike simulacra
  A draconian shifter (Depths:4)
  A spectral caustic shrike (Tar:1)
  34 very ugly things
  49 balrugs
  A draconian annihilator (Pan)
  9 ghouls
  A spriggan defender (Depths:3)
  4 orc warlords
  An ophan (Abyss:3)
  3 curse skulls
  15 reapers
  2 angels (Elf:1)
  4 demonspawn corrupters (Pan)
  22 cacodemons
  2 caustic shrike zombies
  The ghost of pop123321pop the Warrior, a journeyman MiBe of Trog (Elf:1)
  2 draconian stormcallers
  14 ironbound preservers
  13 stone giants
  4 demonspawn blood saints (Pan)
  23 war gargoyles
  9 quicksilver oozes
  2 juggernaut skeletons
  An eleionoma (Zig:3)
  3 formless jellyfish
  22 elemental wellsprings
  8 ironbound thunderhulks
  2 starflowers (Abyss:3)
  3 demonspawn black suns (Pan)
  31 vampire knights
  19 putrid mouths
  17 wendigos
  A spectral titan (Tar:3)
  7 black draconians (Depths:4)
  8 bennus
  6 green draconians
  4 deep elf demonologists (Elf:3)
  8 deep elf annihilators
  5 purple draconians (Depths:4)
  13 lorocyprocas
  11 white draconians
  9 dire elephants
  A yellow draconian (Zig:2)
  Azrael (D:12)
  13 spark wasps
  7 red draconians
  21 blizzard demons
  10 eidola
  4 merfolk javelineers
  11 ettins
  11 deep elf death magi
  26 mummy priests
  A quicksilver dragon zombie (Crypt:2)
  Snorg (Orc:1)
  Josephine (Lair:4)
  2 spectral quicksilver dragons
  10 merfolk impalers
  21 iron golems
  10 jiangshi
  13 green deaths
  A great orb of eyes (shapeshifter) (Depths:3)
  4 deep elf high priests
  A spectral iron giant (Tar:6)
  4 spriggan zombies
  7 fire dragons
  4 entropy weavers
  37 vault guards
  8 yaktaur captains
  8 spriggan air magi
  13 great orbs of eyes
  6 rakshasas
  Fannar (D:12)
  A peacekeeper (Vaults:4)
  9 caustic shrike simulacra
  5 hell beasts
  An Orb Guardian zombie (Crypt:3)
  A spectral spriggan (Tar:3)
  7 hydras
  2 ogre magi
  11 salamander tyrants
  10 ice dragons
  2 juggernaut simulacra
  Erica (D:8)
  22 stokers
  An ice dragon (shapeshifter) (Vaults:5)
  3 alligator snapping turtles
  15 ironbound frosthearts
  4 two-headed ogres
  3 catoblepae
  3 anacondas
  13 centaur warriors
  5 merfolk avatars
  6 tengu warriors
  A sphinx skeleton (Crypt:2)
  2 merfolk aquamancers (Shoals:1)
  2 spriggan skeletons
  3 death knights (Crypt:1)
  13 naga warriors
  7 dancing weapons
  25 hell hogs
  4 satyrs
  21 death yaks
  6 boulder beetles
  16 vampire magi
  22 thrashing horrors (Abyss:3)
  6 deep troll shamans
  44 death scarabs
  An orc high priest (Orc:2)
  3 titan zombies
  Urug (D:12)
  15 demonic crawlers (Pan)
  4 deep troll earth magi
  6 spriggan berserkers
  A spectral dire elephant (Tar:3)
  17 naga sharpshooters
  7 shock serpents
  30 soul eaters
  12 wretched stars (Abyss:3)
  8 crystal echidnas
  20 hell knights
  Amaemon (Lair:1)
  5 deep elf knights
  4 spriggans
  A fire crab (shapeshifter) (D:14)
  38 shadow wraiths
  8 iron trolls
  28 sixfirhies
  A spatial maelstrom (Abyss:3)
  2 storm dragon skeletons
  A spectral anaconda (Tar:5)
  73 sun demons
  3 golden dragon zombies
  59 skeletal warriors
  A death drake (shapeshifter) (Vaults:5)
  7 skysharks
  40 deep trolls
  8 flayed ghosts
  14 sea snakes
  An iron giant zombie (Crypt:1)
  A bunyip skeleton (Pan)
  A bunyip zombie (Tomb:1)
  An anaconda zombie (Hell)
  29 ironbound convokers
  3 quicksilver dragon simulacra
  7 shadow demons (Pan)
  6 naga ritualists
  2 swamp dragons
  2 obsidian statues (Zig:4)
  37 phantasmal warriors
  An orange crystal statue (Zig:4)
  2 death drakes
  15 deep elf archers
  5 glowing orange brains
  3 bog bodies
  13 wizards
  2 fenstrider witch simulacra (Coc:1)
  20 harpies
  21 deep elf pyromancers
  27 deep elf zephyrmancers
  A stone giant zombie (Vaults:3)
  12 orc knights
  6 lindwurms
  An alligator zombie (Hell)
  3 oklob plants
  A wolf spider (D:15)
  2 spectral ettins
  20 mana vipers
  10 necromancers
  3 orc sorcerers
  6 moths of wrath
  A will-o-the-wisp (Abyss:3)
  A fire giant zombie (Crypt:1)
  A goliath frog skeleton (Crypt:1)
  17 fauns
  11 salamanders
  43 ugly things
  A manticore (shapeshifter) (Vaults:5)
  2 centaur zombies
  6 worldbinders
  8 cyclopes
  18 manticores
  13 shining eyes
  A naga zombie (Crypt:3)
  A human skeleton (Vaults:3)
  17 elephants
  A frost giant skeleton (Crypt:1)
  8 merfolk sirens
  A torpor snail (shapeshifter) (Depths:4)
  4 apocalypse crabs (Abyss:3)
  20 vault sentinels
  A spectral alligator snapping turtle (Tar:3)
  4 eyes of devastation
  41 black mambas
  10 rust devils
  3 centaur skeletons
  4 molten gargoyles (Hell)
  8 guardian serpents
  8 cane toads
  11 ice statues
  An alligator snapping turtle zombie (Crypt:3)
  2 titan simulacra (Coc:6)
  25 naga magi
  7 water nymphs
  19 orange demons
  An orc skeleton (Tomb:1)
  A fire giant skeleton (Depths:2)
  8 unseen horrors
  53 large abominations
  An elf zombie (Vaults:3)
  2 gargoyles
  68 smoke demons
  A sea snake zombie (Hell)
  23 yaktaurs
  8 efreet
  24 hellions
  A bunyip simulacrum (Coc:2)
  9 komodo dragons
  A rime drake (shapeshifter) (Abyss:3)
  23 tormentors
  7 rime drakes
  9 freezing wraiths
  Psyche (D:8)
  51 guardian mummies
  6 ice devils
  A swamp worm zombie (Crypt:2)
  34 merfolk
  2 anaconda simulacra
  6 red devils
  5 tengu conjurers
  8 ancient zymes (Abyss:3)
  A purple draconian skeleton (Crypt:1)
  A spectral naga (Tar:6)
  A hydra zombie (Hell)
  3 iron giant simulacra
  3 silent spectres
  2 spectral harpies
  A harpy zombie (Crypt:3)
  26 hellwings
  A tarantella (shapeshifter) (Vaults:5)
  3 polar bears
  An alligator simulacrum (Hell)
  A troll (shapeshifter) (Elf:1)
  8 trolls
  A tarantella (Vaults:1)
  6 hornets
  A bloated husk (Zig:3)
  11 blink frogs
  An ettin zombie (Crypt:2)
  A shadow dragon simulacrum (Depths:2)
  3 hydra skeletons
  20 wind drakes
  A harpy skeleton (Pan)
  2 iron dragon simulacra
  21 raiju (Abyss:3)
  7 dream sheep
  13 snapping turtles
  A blink frog (shapeshifter) (Vaults:5)
  27 flying skulls
  78 slime creatures
  2 shadows
  2 air elementals (Elf:3)
  A jumping spider (shapeshifter) (Depths:3)
  A culicivora (Vaults:1)
  A stone giant simulacrum (Coc:1)
  2 fire dragon skeletons
  5 wyverns
  17 wraiths
  27 yaks
  A yak (shapeshifter) (Abyss:3)
  24 ushabtiu
  5 vampires
  35 ynoxinuls
  A spriggan (shapeshifter) (Elf:1)
  15 water elementals
  A black mamba zombie (Tomb:2)
  6 dire elephant simulacra
  An ettin skeleton (Pan)
  An ice dragon skeleton (Pan)
  5 basilisks
  5 naga simulacra
  3 black mamba skeletons
  23 chaos spawn
  2 redbacks (Vaults:5)
  6 hogs (D:13)
  11 golden eyes
  An alligator snapping turtle simulacrum (Coc:2)
  5 fire elementals
  A human simulacrum (Vaults:3)
  23 neqoxecs
  7 vampire mosquitoes
  3 wargs
  10 harpy simulacra
  2 spatial vortices (Abyss:3)
  48 nagas
  A warg (shapeshifter) (Abyss:3)
  Edmund (D:4)
  A cane toad zombie (Crypt:2)
  A faun zombie (Crypt:3)
  3 hydra simulacra
  19 hell hounds
  12 small abominations
  3 acid dragons
  A two-headed ogre skeleton (Crypt:3)
  12 water moccasins
  An ogre skeleton (Vaults:3)
  A water nymph skeleton (Crypt:3)
  4 floating eyes (Pan)
  2 naga skeletons
  36 orc warriors
  An ice dragon simulacrum (Coc:1)
  2 sky beasts
  3 ice beasts
  A swamp dragon zombie (Crypt:3)
  3 black bears
  3 ettin simulacra
  A centaur (shapeshifter) (Vaults:5)
  6 boggarts
  A tengu (D:7)
  4 ogres
  21 wolves
  44 starcursed masses (Abyss:3)
  A manticore skeleton (Crypt:1)
  19 centaurs
  3 phantoms
  A kobold brigand (D:11)
  A salamander zombie (Crypt:3)
  5 necrophages
  A yaktaur zombie (Crypt:2)
  16 bullfrogs
  A gnoll sergeant (D:10)
  4 scorpions
  2 earth elementals (Elf:3)
  A yaktaur skeleton (Crypt:2)
  A wight (D:6)
  8 killer bees (D:7)
  A vampire bat (D:10)
  2 jellies
  4 howler monkeys
  3 quasits
  20 orc priests
  A gnoll bouda (Orc:2)
  3 hounds (D:5)
  2 iron imps
  2 sleepcaps (D:7)
  6 iguanas
  Ijyb (D:3)
  Terence (D:2)
  37 orc wizards
  9 hell rats (Hell)
  6 spriggan simulacra
  A tengu zombie (Crypt:1)
  55 mummies
  Robin (D:3)
  8 adders
  20 gnolls
  5 white imps
  4 ufetubi
  3 worms
  A dart slug (D:2)
  65 orcs
  13 bats
  5 endoplasms
  19 goblins
  8 hobgoblins
  16 kobolds
  3 quokkas
  9 ball pythons
  5 frilled lizards
  A gnoll skeleton (Crypt:3)
  A kobold skeleton (Crypt:2)
  A rat (D:1)
  8 ball lightnings (Pan)
  5 creeping infernos
  14 fire vortices
  A lurking horror (Abyss:3)
  14 starspawn tentacles (Abyss:3)
4116 creatures vanquished.

Vanquished Creatures (collateral kills)
  A shard shrike (Zig:4)
  2 caustic shrikes (Dis:4)
  A golden dragon (Zot:5)
  An electric golem (Zot:5)
  3 tentacled monstrosities
  3 Orb Guardians (Zot:5)
  A sphinx (Vaults:5)
  2 draconian monks (Depths:4)
  A tengu reaver (Vaults:5)
  A nagaraja (Zig:7)
  2 frost giants (Vaults:5)
  A vault warden (Vaults:5)
  A spriggan defender (Depths:2)
  A draconian annihilator (Depths:4)
  A war gargoyle (Dis:7)
  A stone giant (Vaults:5)
  A spark wasp (Depths:2)
  A purple draconian (Depths:4)
  A black draconian (Depths:4)
  An ettin (Depths:4)
  A jiangshi (Depths:1)
  A fire dragon (Depths:4)
  5 vault guards (Vaults:5)
  A spriggan air mage (Depths:3)
  A merfolk aquamancer (Zig:8)
  4 deep troll shamans
  2 deep troll earth magi
  A spriggan berserker (Depths:3)
  A hell knight (Vaults:5)
  2 sun demons
  2 iron trolls (Depths:4)
  4 deep trolls
  2 glowing orange brains
  A necromancer (Depths:2)
  4 fauns (Zig:8)
  A merfolk siren (Zig:8)
  2 shining eyes (Depths:1)
  5 ugly things
  An ice statue (Zig:4)
  An eye of devastation (Depths:1)
  A guardian serpent (Zig:7)
  A water nymph (Zig:8)
  2 vault sentinels (Vaults:5)
  A tengu conjurer (Depths:1)
  An efreet (Pan)
  2 tarantellas (Vaults:5)
  3 wind drakes
  A wind drake (shapeshifter) (Vaults:5)
  A ynoxinul (Pan)
  A redback (Vaults:5)
  A floating eye (Depths:4)
84 creatures vanquished.

Vanquished Creatures (others)
  A dread lich (Zot:5)
  2 orbs of fire (Zot:5)
  A royal mummy (Tomb:2)
  3 Killer Klowns (Zot:5)
  An electric golem (Zot:5)
  8 Orb Guardians (Zot:5)
  A death cob (Zot:5)
  An eldritch tentacle (Pan)
  A shadow dragon (Zot:5)
  A demonspawn warmonger (Zig:6)
  An iron dragon (Depths:3)
  4 shard shrike simulacra
  A reaper (Zig:6)
  A demonspawn blood saint (Zig:6)
  A deep elf annihilator (Pan)
  A yellow draconian (Zot:5)
  A green death (Pan)
  A blizzard demon (Pan)
  A vault guard (D:14)
  2 caustic shrike simulacra
  A hell beast (Zig:6)
  2 juggernaut simulacra
  A vampire mage (WizLab)
  2 deep elf knights (Elf:1)
  2 wizards
  A glowing orange brain (Pan)
  2 spriggan simulacra
  An ice statue (Coc:1)
  A titan simulacrum (Coc:7)
  A naga mage (Zig:7)
  A bunyip simulacrum (Coc:1)
  An anaconda simulacrum (Coc:1)
  3 hellwings
  A slime creature (Slime:5)
  2 stone giant simulacra
  A dire elephant simulacrum (Coc:2)
  2 harpy simulacra
  A hell hound (Abyss:3)
  A hydra simulacrum (Coc:1)
  An ettin simulacrum (Coc:7)
  An orc wizard (D:12)
  2 hell rats (Hell)
  15 ball lightnings
  A butterfly (D:8)
  2 foxfires (Abyss:3)
  A spectral weapon (Zot:5)
  23 starspawn tentacles (Abyss:3)
107 creatures vanquished.

Grand Total: 4307 creatures vanquished

Notes
Turn   | Place    | Note
-------+----------+-------------------------------------------
     0 | D:1      | redmage the Octopode Shapeshifter began the quest for the
                  | Orb.
     0 | D:1      | Reached XP level 1. HP: 13/13 MP: 1/1
   112 | D:1      | Reached XP level 2. HP: 14/18 MP: 2/2
   174 | D:1      | Reached skill level 1 in Stealth
   628 | D:1      | Reached XP level 3. HP: 23/23 MP: 3/3
  1004 | D:2      | You fall into a shaft and drop 1 floor!
  1220 | D:3      | Reached XP level 4. HP: 29/29 MP: 4/4
  1231 | D:3      | Noticed Ijyb
  1245 | D:3      | Killed Ijyb
  1477 | D:3      | Noticed Robin
  1523 | D:3      | Reached XP level 5. HP: 23/34 MP: 5/5
  1631 | D:3      | Killed Robin
  1784 | D:2      | Identified the +6 dagger "Geecvy" {venom, rN+ Int+6}
  1813 | D:2      | Noticed Terence
  1824 | D:2      | Killed Terence
  1992 | D:2      | Reached XP level 6. HP: 39/41 MP: 6/6
  2087 | D:2      | Identified the amulet "Zial" {Reflect SH+5 Stlth+}
  2387 | D:4      | Found a staircase to the Ecumenical Temple.
  2390 | D:4      | Noticed Edmund
  2407 | D:4      | Killed Edmund
  2408 | D:4      | Reached skill level 1 in Short Blades
  2408 | D:4      | Reached XP level 7. HP: 34/46 MP: 7/7
  2471 | Temple   | Found a transporter.
  2471 | Temple   | Found a transporter.
  2471 | Temple   | Found a transporter.
  2471 | Temple   | Found a transporter.
  2471 | Temple   | Entered the Ecumenical Temple
  2488 | Temple   | Became a worshipper of Gozag Ym Sagoz the Greedy
  3110 | D:5      | Entered Level 5 of the Dungeon
  3532 | D:5      | Reached XP level 8. HP: 54/54 MP: 8/8
  3540 | D:5      | Reached skill level 5 in Stealth
  3685 | D:6      | Found an ancient bone altar of Kikubaaqudgha.
  4045 | D:6      | Reached skill level 5 in Shapeshifting
  4108 | D:6      | Reached skill level 5 in Dodging
  4117 | D:6      | Noticed a komodo dragon
  4119 | D:6      | Noticed a wraith
  4148 | D:7      | Identified the +3 ring mail of Jukhlolap {rElec rCorr Int+3
                  | Stlth+}
  4183 | D:7      | Reached skill level 5 in Fighting
  4183 | D:7      | Reached XP level 9. HP: 28/61 MP: 9/9
  4533 | D:6      | Found a runed translucent gate.
  4533 | D:6      | Found a runed translucent gate.
  4533 | D:6      | Found a runed translucent gate.
  4691 | D:6      | Found an opulent altar of Gozag.
  4697 | D:6      | Noticed a boulder beetle
  4697 | D:6      | Noticed kd29's ghost (novice GrEE)
  4697 | D:6      | Noticed a two-headed ogre
  5749 | D:8      | Noticed Erica
  5763 | D:8      | Noticed Psyche
  5776 | D:8      | Killed Psyche
  5777 | D:8      | Reached skill level 5 in Unarmed Combat
  5901 | D:8      | Noticed a troll
  5905 | D:8      | Killed a troll
  5906 | D:8      | Reached XP level 10. HP: 69/69 MP: 10/10
  6103 | D:8      | Found a staircase to the Lair.
  6137 | Lair:1   | Entered Level 1 of the Lair of Beasts
  6182 | Lair:1   | Noticed a cane toad
  6188 | Lair:1   | Killed a cane toad
  6193 | Lair:1   | Noticed a catoblepas
  6880 | D:9      | Identified the ring of the Queen {Drain rC+ Will+ MP+9
                  | Str+6}
  7015 | D:8      | Found a white marble altar of Elyvilon.
  7237 | D:9      | Learned a level 5 spell: Freezing Cloud
  7242 | D:9      | Learned a level 4 spell: Passage of Golubria
  7461 | D:9      | Noticed a cyclops
  7704 | D:10     | Entered Level 10 of the Dungeon
  8338 | D:10     | Reached skill level 5 in Short Blades
  8340 | D:10     | Reached XP level 11. HP: 76/76 MP: 11/11
  8404 | D:10     | Reached skill level 10 in Stealth
  8915 | D:10     | Found a glowing silver altar of Zin.
  8915 | D:10     | Found a shadowy altar of Dithmenos.
  8915 | D:10     | Found a basalt altar of Yredelemnul.
  9329 | D:8      | Bought 2 potions of might for 80 gold pieces
  9430 | Lair:1   | Noticed a death yak
  9430 | Lair:1   | Noticed a death yak
  9432 | Lair:1   | Noticed a death yak
  9464 | Lair:1   | Reached skill level 1 in Air Magic
  9464 | Lair:1   | Reached skill level 1 in Evocations
  9470 | Lair:2   | Noticed a seven-headed hydra
  9689 | Lair:2   | Noticed an oklob plant
  9718 | Lair:2   | Found a shimmering blue altar of Sif Muna.
  9730 | Lair:2   | Killed an oklob plant
  9731 | Lair:2   | Reached skill level 1 in Conjurations
  9731 | Lair:2   | Reached skill level 1 in Ice Magic
  9738 | Lair:2   | Noticed a boulder beetle
  9779 | Lair:2   | Noticed Amaemon
  9965 | Lair:1   | Noticed a death yak
 10009 | Lair:2   | Found a staircase to the Shoals.
 10296 | Lair:2   | Noticed a death yak
 10436 | Lair:2   | Reached skill level 1 in Spellcasting
 10451 | Lair:2   | Noticed a skyshark
 10462 | Lair:2   | Killed a skyshark
 10919 | Lair:2   | Found a staircase to the Snake Pit.
 10973 | Lair:2   | Reached XP level 12. HP: 81/82 MP: 15/15
 12366 | Lair:4   | Noticed Josephine
 12504 | Lair:3   | Noticed a six-headed hydra
 12763 | Lair:4   | Killed Josephine
 12779 | Lair:4   | Reached skill level 5 in Air Magic
 13145 | Lair:4   | Noticed a death yak
 13151 | Lair:4   | Noticed a death yak
 13157 | Lair:4   | Reached skill level 5 in Conjurations
 13162 | Lair:4   | Noticed a death yak
 13353 | Lair:4   | Noticed a death yak
 13389 | Lair:4   | Reached skill level 5 in Ice Magic
 13914 | Lair:5   | Entered Level 5 of the Lair of Beasts
 13917 | Lair:5   | Noticed a four-headed hydra
 13994 | Lair:2   | Noticed a six-headed hydra
 14038 | Lair:1   | Killed a death yak
 14248 | D:8      | Killed Erica
 14249 | D:8      | Reached skill level 10 in Dodging
 15159 | D:11     | Reached XP level 13. HP: 54/88 MP: 19/19
 15615 | D:12     | Noticed Fannar
 15624 | D:12     | Killed Fannar
 17267 | Lair:1   | Killed Amaemon
 18257 | D:8      | Bought the ring "Ogiffa" {EV+5 Str+4} for 668 gold pieces
 18573 | Lair:3   | Reached skill level 10 in Shapeshifting
 18691 | Lair:3   | Reached XP level 14. HP: 94/94 MP: 20/20
 19227 | Lair:4   | HP: 3/112 [death yak (23)]
 19639 | Lair:4   | Reached skill level 10 in Unarmed Combat
 20628 | Lair:5   | Noticed Nessos
 20630 | Lair:5   | Nessos changed into Nessos the cyclops
 20630 | Lair:5   | Noticed Nessos
 20648 | Lair:5   | Killed Nessos the cyclops
 21475 | Lair:5   | Learned a level 1 spell: Apportation
 21697 | Lair:5   | Found the +8 autumn katana {manifold assault}
 21842 | Lair:5   | Learned a level 2 spell: Wereblood
 21888 | Lair:5   | Found a viscous altar of Jiyva.
 21890 | Lair:5   | Found a staircase to the Slime Pits.
 22179 | D:8      | Bought the ring of Makhleb's Envy {Ice rN+ Str+6 Int+4} for
                  | 743 gold pieces
 22500 | D:11     | Reached skill level 1 in Translocations
 22771 | D:11     | Identified a scroll of acquirement
 22773 | D:11     | Acquired an amulet of regeneration
 22831 | D:12     | Reached skill level 1 in Transmutations
 23001 | D:12     | Found a staircase to the Orcish Mines.
 23001 | D:12     | Found Poqiukas's Armour Shoppe.
 23082 | D:12     | Reached XP level 15. HP: 102/102 MP: 21/21
 23168 | D:12     | Noticed Urug
 23182 | D:12     | Killed Urug
 23359 | D:12     | Noticed Azrael
 23373 | D:12     | Killed Azrael
 23634 | D:12     | Noticed Frances
 23988 | Orc:1    | Entered Level 1 of the Orcish Mines
 24068 | Orc:2    | Entered Level 2 of the Orcish Mines
 24408 | Orc:1    | Found Qajoo's Jewellery Boutique.
 24416 | Orc:1    | Bought a ring of poison resistance for 240 gold pieces
 24925 | Orc:1    | Noticed Snorg
 24937 | Orc:1    | Killed Snorg
 25155 | Orc:2    | Noticed an orc warlord
 25156 | Orc:2    | Found a staircase to the Elven Halls.
 25196 | Orc:2    | Killed an orc warlord
 25207 | Orc:2    | Reached skill level 10 in Fighting
 25415 | Orc:2    | Found Timis's Jewellery Emporium.
 25512 | Orc:2    | Found Noriq's General Store.
 25639 | Orc:2    | Found Loefotu's Antique Armour Emporium.
 25653 | Orc:2    | Found Joxkev's Antique Weapon Emporium.
 25861 | Elf:1    | Entered Level 1 of the Elven Halls
 26125 | Shoals:1 | Entered Level 1 of the Shoals
 26678 | Shoals:1 | Found Suwes's Book Shoppe.
 26678 | Shoals:1 | Noticed a walking divine tome
 26678 | Shoals:1 | Noticed a walking divine tome
 26681 | Shoals:1 | Identified the +4 shortbow "Riczeack" {drain, Drain Will+
                  | Str+3}
 26693 | Shoals:1 | Reached skill level 10 in Ice Magic
 27115 | Shoals:2 | Reached skill level 5 in Translocations
 27209 | Shoals:2 | Reached XP level 16. HP: 109/109 MP: 22/22
 27467 | Shoals:2 | Noticed Polyphemus
 27603 | Shoals:2 | Killed Polyphemus
 27764 | Shoals:2 | You fall into a shaft and drop 1 floor!
 28404 | Shoals:3 | Found Koissuce's Antique Weapon Emporium.
 29790 | Shoals:4 | Entered Level 4 of the Shoals
 29916 | Shoals:3 | Acquired 665 gold pieces
 29956 | Shoals:1 | Bought the ring of Itaxuxic {rElec Str+6 Int+3 Slay+2} for
                  | 970 gold pieces
 29956 | Shoals:1 | Bought the amulet "Zouc" {RegenMP Regen+ Dex+2} for 618
                  | gold pieces
 30796 | Shoals:4 | Reached XP level 17. HP: 73/115 MP: 23/23
 30823 | Shoals:4 | Got a barnacled rune of Zot
 30875 | Shoals:4 | Identified the amulet "Igiss" {Acrobat Will+ Str+3}
 30911 | Shoals:4 | Noticed a kraken
 30978 | Shoals:4 | Reached skill level 15 in Shapeshifting
 31215 | Snake:1  | Entered Level 1 of the Snake Pit
 31555 | D:13     | Noticed Jorgrun
 31568 | D:13     | Killed Jorgrun
 31834 | D:13     | Found a hide-covered altar of Uskayaw.
 31874 | D:13     | Noticed Kirke
 31885 | D:13     | Killed Kirke
 32767 | D:14     | Found a gate to the Vaults.
 33348 | D:15     | Entered Level 15 of the Dungeon
 33563 | D:15     | Found a staircase to the Depths.
 34562 | Shoals:1 | Bought a storm talisman for 1705 gold pieces
 34692 | Snake:1  | Found Kumec's Jewellery Shoppe.
 34771 | Snake:1  | Found Kykutaus's Armour Shoppe.
 34782 | Snake:1  | Found Baolahay's General Store.
 34790 | Snake:1  | Bought a potion of brilliance for 52 gold pieces
 34869 | Snake:1  | Found Puz Epiythresk's Antique Weapon Shop.
 34955 | Snake:1  | Bought a ring of see invisible for 210 gold pieces
 34979 | Snake:1  | Reached XP level 18. HP: 120/120 MP: 17/24
 35161 | Snake:1  | Found a transporter.
 35164 | Snake:1  | Found Itwuesh's Weapon Shoppe.
 35260 | Snake:1  | Found a transporter.
 35300 | Snake:1  | Bought a throwing net for 48 gold pieces
 35636 | Snake:2  | Identified the +2 helmet "Elayvoho" {rF+ Dex-5 Stlth+}
 35941 | Snake:2  | Found Uchaitz's Book Emporium.
 36797 | Snake:3  | Found a transporter.
 36856 | Snake:3  | Noticed Roxanne
 37062 | Snake:3  | Found a transporter.
 37649 | Snake:3  | Found a one-way gate to the infinite horrors of the Abyss.
 37649 | Snake:3  | Noticed Pos Urai's ghost (adept MiBe)
 37829 | Snake:4  | Entered Level 4 of the Snake Pit
 38184 | Snake:3  | Killed Roxanne
 38496 | Snake:4  | Reached XP level 19. HP: 126/126 MP: 25/25
 38500 | Snake:4  | Got a serpentine rune of Zot
 38808 | Snake:4  | Noticed Mara
 39028 | D:8      | Bought a scroll labelled WITANN PYFO for 43 gold pieces
 39028 | D:8      | Bought a scorched silver ring for 215 gold pieces
 39028 | D:8      | Identified the ring "Weantath" {rC- Str+2 Int+3 Slay+3
                  | SInv} (You bought it in a shop on level 8 of the Dungeon)
 39264 | Elf:1    | Noticed Donald
 39274 | Elf:1    | Killed Donald
 39557 | Snake:1  | Bought the +1 hat of the Kangaroo {rC+ Slay+3} for 462 gold
                  | pieces
 39801 | Elf:1    | Found a white marble altar of Elyvilon.
 39811 | Elf:1    | Found a glowing silver altar of Zin.
 39811 | Elf:1    | Found a glowing golden altar of the Shining One.
 39963 | Elf:1    | Found a runed translucent door.
 39988 | Elf:1    | Found a portal to a secret trove of treasure.
 40038 | Elf:1    | Found Kiuhog's Jewellery Shop.
 40047 | Elf:1    | Bought a ring of resist corrosion for 320 gold pieces
 40053 | Elf:1    | Noticed pop123321pop's ghost (journeyman MiBe)
 40213 | Elf:1    | Got a decrepit book
 40363 | Elf:1    | Killed pop123321pop's ghost
 40446 | Elf:2    | Got a droning book
 40489 | Elf:2    | Found a huge runed translucent gate.
 40489 | Elf:2    | Found a huge runed translucent gate.
 40489 | Elf:2    | Found a huge runed translucent gate.
 40489 | Elf:2    | Found a huge runed translucent gate.
 40489 | Elf:2    | Found a huge runed translucent gate.
 40540 | Elf:2    | Noticed Zenata
 40551 | Elf:2    | Killed Zenata
 40629 | Elf:2    | Noticed Louise
 40633 | Elf:2    | Killed Louise
 40823 | Elf:2    | Learned a level 2 spell: Blink
 40858 | Elf:2    | Learned a level 4 spell: Vhi's Electric Charge
 40863 | Elf:2    | Learned a level 4 spell: Manifold Assault
 40888 | Elf:3    | Entered Level 3 of the Elven Halls
 41164 | Elf:3    | Paralysed by an air elemental for 1 turns
 41276 | Elf:3    | Found Sawodav's Magic Scroll Shop.
 41310 | Elf:3    | Bought a scroll of immolation for 56 gold pieces
 41310 | Elf:3    | Bought a scroll of immolation for 56 gold pieces
 41337 | Elf:3    | Identified the +1 cloak of the Earth {rElec rPois rCorr}
 41478 | Elf:3    | Reached XP level 20. HP: 126/132 MP: 26/26
 41509 | Elf:3    | Identified the +11 ice dragon scales "Xokil" {rElec rPois
                  | rF- rC++ Will-}
 41509 | Elf:3    | Identified the ring "Wunesif" {Ice rElec Slay+2}
 41667 | Elf:3    | Identified the +5 hand axe "Giuqitur" {venom, rPois rN+
                  | Int+2}
 41826 | Elf:3    | Identified the +4 sling of Fumayl {speed, Str+4 Dex-2}
 41871 | Elf:3    | Identified the +1 quarterstaff "Veluappo" {freeze, +Blink
                  | rPois Dex+2}
 42201 | Slime:1  | Entered Level 1 of the Pits of Slime
 42670 | Slime:4  | Noticed Dissolution
 42681 | Slime:4  | Killed Dissolution
 42708 | Slime:4  | Reached skill level 5 in Spellcasting
 42858 | Slime:5  | Entered Level 5 of the Pits of Slime
 42877 | Slime:5  | Paralysed by a great orb of eyes for 3 turns
 43057 | Slime:5  | Found a viscous altar of Jiyva.
 43064 | Slime:5  | Found the +3 pair of seven-league boots {Rampage+∞}
 43069 | Slime:5  | Noticed the Royal Jelly
 43284 | Slime:5  | Reached skill level 15 in Unarmed Combat
 43525 | Slime:5  | Reached XP level 21. HP: 138/138 MP: 28/28
 43581 | Slime:5  | Killed the Royal Jelly
 43789 | Slime:5  | Got a quivering book
 43794 | Slime:5  | Identified the ring of Ufreakh {rElec Str+6}
 43835 | Slime:5  | Got a moldy book
 43901 | Slime:5  | Got a slimy rune of Zot
 43902 | Slime:5  | Identified the staff of the Winnowing Gods {rCorr Conj}
 44280 | Vaults:1 | Entered Level 1 of the Vaults
 44287 | D:14     | Bought a potion of haste for 420 gold pieces
 44288 | D:14     | Acquired 564 gold pieces
 44299 | Vaults:1 | Noticed Nikola
 44306 | Vaults:1 | Killed Nikola
 44981 | Vaults:1 | Found a magical portal.
 44993 | WizLab   | Entered Yara's Duelist Academy
 44995 | WizLab   | Upgraded the game from 0.31-a0-865-g3d5d91748a to
                  | 0.31-a0-868-g674d60d6f7
 45040 | WizLab   | Noticed Niyf
 45056 | WizLab   | Killed Niyf the Head Instructor
 45417 | Vaults:1 | Learned a level 5 spell: Borgnjor's Vile Clutch
 45902 | Vaults:2 | Reached skill level 1 in Necromancy
 45941 | Vaults:2 | Reached skill level 1 in Earth Magic
 45976 | Vaults:2 | Reached XP level 22. HP: 139/148 MP: 31/31
 47317 | Vaults:3 | Noticed Saint Roka
 47329 | Vaults:3 | Killed Saint Roka
 47944 | Vaults:3 | Found a staircase to the Crypt.
 48679 | Vaults:4 | Reached XP level 23. HP: 155/155 MP: 34/34
 48832 | Vaults:4 | Found the +5 moon troll leather armour {Spirit, Regen++
                  | MP+5}
 49325 | Vaults:4 | Learned a level 6 spell: Death Channel
 49342 | Vaults:5 | Entered Level 5 of the Vaults
 49348 | Vaults:5 | Reached skill level 5 in Earth Magic
 49359 | Vaults:5 | Reached skill level 5 in Necromancy
 49383 | Vaults:5 | Paralysed by a sphinx for 4 turns
 49632 | Vaults:5 | Identified the +1 leather armour "Faihehel" {Fly}
 49666 | Vaults:5 | Reached skill level 10 in Necromancy
 49744 | Vaults:5 | Found the ring of the Mage {Wiz Archmagi}
 49854 | Vaults:5 | Identified the ring of Skepticism {rF- rC+ Will+ Int+2}
 50093 | Vaults:5 | Identified the ring "Zoletoll" {+Blink rPois MP+9}
 50126 | Vaults:5 | Got a silver rune of Zot
 50413 | Vaults:5 | Reached XP level 24. HP: 162/162 MP: 35/35
 50583 | D:15     | Bought a scroll of teleportation for 42 gold pieces
 50583 | D:15     | Bought a scroll of revelation for 105 gold pieces
 50583 | D:15     | Bought a scroll of revelation for 105 gold pieces
 50583 | D:15     | Bought a scroll of revelation for 105 gold pieces
 50593 | Depths:1 | Entered Level 1 of the Depths
 50630 | Depths:1 | You are sucked into a shaft and drop 1 floor!
 50649 | Depths:2 | Found a one-way gate leading to the halls of Pandemonium.
 50751 | Depths:2 | Identified the +6 falchion of Responsibility {freeze, Str+5
                  | Dex+2}
 50779 | Depths:2 | Identified the +7 short sword of Vuxaad {pain, rElec rPois
                  | Str-5 Int-2}
 50848 | Depths:1 | Found a gateway to Hell.
 51145 | Depths:1 | Found a blossoming altar of Fedhas.
 51772 | Depths:2 | Identified the ring of the First Hells {Str+6 Int+3}
 51850 | Depths:2 | Found a runed translucent gate.
 51850 | Depths:2 | Found a runed translucent gate.
 51851 | Depths:2 | Found a runed translucent gate.
 51852 | Depths:2 | Noticed SirDiesAlot's ghost (adept MiFi)
 51852 | Depths:2 | Identified the ring "Helaoski" {rC+ Will+ rCorr EV+5}
 52557 | Depths:3 | Found a flickering gateway to a bazaar.
 52583 | Depths:3 | Reached skill level 15 in Dodging
 52598 | Bazaar   | Entered a bazaar
 52602 | Bazaar   | Found Ziurehuh's General Store.
 52615 | Bazaar   | Found Xinola's Magic Scroll Boutique.
 52615 | Bazaar   | Found Awuymm's Assorted Antiques.
 52644 | Bazaar   | Found Basotur's Distillery.
 52656 | Bazaar   | Bought a potion of might for 32 gold pieces
 52656 | Bazaar   | Bought a potion of curing for 24 gold pieces
 52656 | Bazaar   | Bought a potion of brilliance for 32 gold pieces
 52656 | Bazaar   | Bought a potion of curing for 24 gold pieces
 52656 | Bazaar   | Bought a potion of heal wounds for 40 gold pieces
 52676 | Bazaar   | Bought a scroll of teleportation for 39 gold pieces
 52676 | Bazaar   | Bought a scroll of revelation for 97 gold pieces
 52676 | Bazaar   | Bought 2 scrolls of summoning for 247 gold pieces
 52676 | Bazaar   | Bought a scroll of teleportation for 39 gold pieces
 52676 | Bazaar   | Bought a scroll of blinking for 97 gold pieces
 52676 | Bazaar   | Bought a scroll of summoning for 123 gold pieces
 52682 | Bazaar   | Bought a potion of curing for 72 gold pieces
 52682 | Bazaar   | Bought a potion of brilliance for 96 gold pieces
 52694 | Bazaar   | Bought a potion of curing for 54 gold pieces
 53347 | Depths:3 | Reached skill level 15 in Ice Magic
 53460 | Depths:3 | Reached XP level 25. HP: 141/167 MP: 30/36
 53537 | Depths:3 | Learned a level 9 spell: Polar Vortex
 53538 | Depths:4 | Entered Level 4 of the Depths
 53710 | Depths:4 | Found a hide-covered altar of Uskayaw.
 53832 | Depths:4 | Paralysed by a floating eye for 3 turns
 53991 | Depths:4 | Found a one-way gateway to a ziggurat.
 54272 | Depths:4 | Identified the +8 falchion "Gietoso" {drain, Str+2 Int+5}
 54316 | Depths:4 | Found a gate to the Realm of Zot.
 54991 | Zig:1    | Entered Level 1 of a ziggurat
 54991 | Zig:1    | Noticed a shard shrike
 54994 | Zig:1    | Killed a shard shrike
 55007 | Zig:2    | Entered Level 2 of a ziggurat
 55020 | Zig:3    | Entered Level 3 of a ziggurat
 55044 | Zig:4    | Entered Level 4 of a ziggurat
 55044 | Zig:4    | Noticed a shard shrike
 55044 | Zig:4    | Noticed a shard shrike
 55051 | Zig:4    | Killed a shard shrike
 55052 | Zig:4    | Killed a shard shrike
 55054 | Zig:4    | Noticed a shard shrike
 55054 | Zig:4    | Noticed a shard shrike
 55079 | Zig:4    | Identified the +3 great sword of Accidental Termination
                  | {spect, *Slow rElec rF- MP+9}
 55099 | Zig:5    | Entered Level 5 of a ziggurat
 55125 | Zig:6    | Entered Level 6 of a ziggurat
 55126 | Zig:6    | Noticed Geojohod the pandemonium lord
 55130 | Zig:6    | Killed Geojohod the pandemonium lord
 55175 | Zig:7    | Entered Level 7 of a ziggurat
 55225 | Zig:7    | Identified the +0 short sword "Irococw" {holy, Fly rF+}
 55241 | Zig:8    | Entered Level 8 of a ziggurat
 55257 | Zig:8    | Found the +3 Elemental Staff {ele, rElec rF+ rC+ AC+3}
 55258 | Zig:8    | Reached XP level 26. HP: 72/173 MP: 15/36
 55357 | Zig:8    | Reached XP level 27. HP: 179/179 MP: 36/36
 55655 | Elf:1    | You paid a toll of 15 scrolls of teleportation to enter a
                  | treasure trove
 55656 | Trove    | Identified Sif Muna's Papyrus of Assaults (Sif Muna gifted
                  | it to you in a treasure trove)
 55656 | Trove    | Identified Sif Muna's Opusculum on the Warped Discharge
                  | (Sif Muna gifted it to you in a treasure trove)
 55656 | Trove    | Entered a treasure trove
 55692 | Trove    | Identified the amulet "Arecat" {Faith Rampage rC++ Stlth-}
 55694 | Trove    | Identified the amulet of Desertification {Reflect rPois rC+
                  | SH+5}
 55968 | Depths:1 | Bought a scroll of teleportation for 78 gold pieces
 55968 | Depths:1 | Bought a potion of might for 104 gold pieces
 56069 | Depths:3 | Voluntarily entered the Abyss.
 56083 | Abyss:2  | Found a corrupted altar of Lugonu.
 56241 | Abyss:3  | Found a corrupted altar of Lugonu.
 56272 | Abyss:3  | Found a corrupted altar of Lugonu.
 56979 | Abyss:3  | Paralysed by you for 5 turns
 57223 | Depths:3 | Escaped the Abyss
 57523 | Shoals:1 | Bought a talisman of death for 1705 gold pieces
 57837 | Depths:3 | Voluntarily entered the Abyss.
 57843 | Abyss:3  | Found a corrupted altar of Lugonu.
 58051 | Abyss:3  | Noticed an ancient lich
 58057 | Abyss:3  | Killed an ancient lich
 58338 | Abyss:3  | Got an abyssal rune of Zot
 58340 | Abyss:3  | Found a corrupted altar of Lugonu.
 58340 | Abyss:3  | Found a corrupted altar of Lugonu.
 58347 | Depths:3 | Escaped the Abyss
 58354 | Depths:3 | Voluntarily entered the Abyss.
 58435 | Depths:3 | Escaped the Abyss
 58491 | Pan      | Entered Pandemonium
 58501 | Pan      | Found an exit through the horrors of the Abyss.
 58995 | Pan      | Noticed Xoxirr the pandemonium lord
 59005 | Pan      | Killed Xoxirr the pandemonium lord
 59199 | Pan      | Entered the realm of Lom Lobon.
 59435 | Pan      | Noticed Lom Lobon
 59922 | Pan      | Found an exit through the horrors of the Abyss.
 60183 | Pan      | Killed Lom Lobon
 60193 | Pan      | Got a magical rune of Zot
 60470 | Pan      | Noticed Ilenofua the pandemonium lord
 60478 | Pan      | Killed Ilenofua the pandemonium lord
 60623 | Pan      | Entered the realm of Gloorx Vloq.
 61433 | Pan      | Noticed Gloorx Vloq
 61454 | Pan      | Killed Gloorx Vloq
 61485 | Pan      | Got a dark rune of Zot
 61560 | Pan      | Upgraded the game from 0.31-a0-868-g674d60d6f7 to
                  | 0.31-a0-875-g02e7d12df6
 61612 | Pan      | Acquired the +1 buckler of Dishonour {Rampage Int+3}
 61738 | Pan      | Reached skill level 1 in Shields
 61766 | Pan      | Noticed Zesepreg the pandemonium lord
 61772 | Pan      | Killed Zesepreg the pandemonium lord
 61906 | Pan      | Noticed Mennas
 61912 | Pan      | Killed Mennas
 62071 | Pan      | Reached skill level 5 in Shields
 62161 | Pan      | Gained mutation: You are clumsy. (Dex -2) [a cacodemon]
 62277 | Pan      | Entered the realm of Cerebov.
 62727 | Pan      | Found the +6 sword of Cerebov {flame}
 62727 | Pan      | Noticed Cerebov
 62737 | Pan      | Killed Cerebov
 62758 | Pan      | Got a fiery rune of Zot
 62836 | Pan      | Identified the ring of the Sneaky Artisans {rElec rC+ MP+9
                  | Str+3 Int-5}
 62840 | Pan      | Identified the staff "Puxaqam" {rF+ Earth}
 62852 | Pan      | Identified the ring "Maufiaby" {rPois Will+ Int-5 Dex+2}
 62882 | Pan      | Identified the +9 longbow of Nemelex Xobeh's Grace {freeze,
                  | Will- Int+3 Dex+3}
 62883 | Pan      | Identified the +3 scale mail "Bory" {Will+ Dex+2}
 62929 | Pan      | Found an exit through the horrors of the Abyss.
 62954 | Pan      | Took an exit into the Abyss.
 62954 | Abyss:3  | Escaped into the Abyss
 62955 | Abyss:3  | Found a corrupted altar of Lugonu.
 63005 | Abyss:3  | Found a corrupted altar of Lugonu.
 63069 | Depths:2 | Escaped the Abyss
 63235 | Crypt:1  | Entered Level 1 of the Crypt
 63235 | Crypt:1  | Found the +8 longbow "Zephyr" {speed, Dex+3 SInv}
 63235 | Crypt:1  | Found a transporter.
 63452 | Crypt:1  | Found a transporter.
 63826 | Crypt:1  | Reached skill level 15 in Stealth
 63878 | Crypt:1  | Noticed an ancient lich
 63890 | Crypt:1  | Reached skill level 15 in Fighting
 63892 | Crypt:1  | Killed an ancient lich
 63994 | Crypt:1  | Identified the +1 double sword of the Brewing Gods {pain,
                  | rN++ Int-5 SInv Stlth+}
 64003 | Crypt:1  | Identified the amulet "Tinu" {Rampage Regen+}
 64009 | Crypt:1  | Identified the ring "Joygalef" {Will- rCorr Dex+6 SInv}
 64251 | Crypt:2  | Noticed Margery
 64258 | Crypt:2  | Noticed Grunn
 64264 | Crypt:2  | Killed Margery
 64276 | Crypt:2  | Killed Grunn
 64788 | Crypt:3  | Entered Level 3 of the Crypt
 64961 | Crypt:3  | Noticed Jory
 64971 | Crypt:3  | Killed Jory
 65157 | Crypt:3  | Found a staircase to the Tomb.
 65626 | Crypt:3  | Found an ancient bone altar of Kikubaaqudgha.
 66007 | Crypt:3  | Found the +9 sword of Zonguldrok {reap}
 66258 | Tomb:1   | Entered Level 1 of the Tomb of the Ancients
 66339 | Tomb:1   | Learned a level 2 spell: Passwall
 66397 | Tomb:1   | Bought a scroll of blinking for 120 gold pieces
 66408 | Tomb:1   | Noticed a royal mummy
 66419 | Tomb:1   | Killed a royal mummy
 66749 | Tomb:2   | Noticed a royal mummy
 66749 | Tomb:2   | Noticed a royal mummy
 66749 | Tomb:2   | Noticed a royal mummy
 66749 | Tomb:2   | Noticed a royal mummy
 66750 | Tomb:2   | Noticed a royal mummy
 66752 | Tomb:2   | Killed a royal mummy
 66759 | Tomb:2   | Killed a royal mummy
 66769 | Tomb:2   | Killed a royal mummy
 66769 | Tomb:2   | Killed a royal mummy
 66777 | Tomb:2   | Killed a royal mummy
 66887 | Tomb:2   | Noticed Boris
 66895 | Tomb:2   | Killed Boris
 67269 | Tomb:1   | Noticed a royal mummy
 67271 | Tomb:1   | Noticed a royal mummy
 67277 | Tomb:1   | Noticed a royal mummy
 67279 | Tomb:1   | Killed a royal mummy
 67283 | Tomb:1   | Killed a royal mummy
 67287 | Tomb:1   | Killed a royal mummy
 67319 | Tomb:1   | Noticed a royal mummy
 67325 | Tomb:1   | Killed a royal mummy
 67326 | Tomb:1   | Noticed a royal mummy
 67331 | Tomb:1   | Killed a royal mummy
 67334 | Tomb:1   | Noticed a royal mummy
 67335 | Tomb:1   | Noticed a royal mummy
 67339 | Tomb:1   | Killed a royal mummy
 67342 | Tomb:1   | Killed a royal mummy
 67353 | Tomb:1   | Noticed a royal mummy
 67355 | Tomb:1   | Noticed a royal mummy
 67361 | Tomb:1   | Killed a royal mummy
 67362 | Tomb:1   | Noticed a royal mummy
 67363 | Tomb:1   | Killed a royal mummy
 67366 | Tomb:1   | Killed a royal mummy
 67376 | Tomb:1   | Noticed a royal mummy
 67381 | Tomb:1   | Killed a royal mummy
 67415 | Tomb:1   | Noticed a royal mummy
 67429 | Tomb:1   | Killed a royal mummy
 67451 | Tomb:1   | Noticed a royal mummy
 67458 | Tomb:1   | Killed a royal mummy
 67643 | Tomb:3   | Entered Level 3 of the Tomb of the Ancients
 67656 | Tomb:3   | Noticed a royal mummy
 67657 | Tomb:3   | Noticed a royal mummy
 67664 | Tomb:3   | Killed a royal mummy
 67665 | Tomb:3   | Noticed a royal mummy
 67674 | Tomb:3   | Killed a royal mummy
 67679 | Tomb:3   | Noticed Khufu
 67679 | Tomb:3   | Noticed a royal mummy
 67685 | Tomb:3   | Killed Khufu
 67688 | Tomb:3   | Killed a royal mummy
 67733 | Tomb:3   | Noticed a royal mummy
 67740 | Tomb:3   | Killed a royal mummy
 67742 | Tomb:3   | Killed a royal mummy
 67754 | Tomb:3   | Noticed a royal mummy
 67760 | Tomb:3   | Killed a royal mummy
 67888 | Tomb:3   | Identified the +6 lajatang of Diet Blood {freeze, rPois}
 68040 | Tomb:3   | Noticed a royal mummy
 68046 | Tomb:3   | Killed a royal mummy
 68080 | Tomb:3   | Identified the +9 halberd of Ignis's Favour {antimagic, rC+
                  | Int+3 Stlth+}
 68081 | Tomb:3   | Identified the amulet "Osannag" {RegenMP Fly rF+}
 68144 | Tomb:3   | Identified the +3 quarterstaff of a Billion Seers {elec,
                  | *Rage rF+ rN+ Will+ Int+2}
 68162 | Tomb:3   | Identified the +8 hand axe of Dattoum {protect, +Blink rF-
                  | Will+}
 68163 | Tomb:3   | Identified the +6 flail of Ravage {freeze, Int+2}
 68367 | Tomb:3   | Noticed a royal mummy
 68374 | Tomb:3   | Killed a royal mummy
 68379 | Tomb:3   | Noticed a royal mummy
 68389 | Tomb:3   | Killed a royal mummy
 68409 | Tomb:3   | Noticed a royal mummy
 68417 | Tomb:3   | Killed a royal mummy
 68585 | Tomb:3   | Got a golden rune of Zot
 68997 | Depths:1 | Bought a potion of might for 44 gold pieces
 68997 | Depths:1 | Bought a potion of haste for 110 gold pieces
 68997 | Depths:1 | Bought a potion of might for 44 gold pieces
 69061 | Pan      | Entered Pandemonium
 69061 | Pan      | Found an exit through the horrors of the Abyss.
 69256 | Pan      | Identified the +5 ring mail of the Akabeko {Str+2 Int+4}
 69666 | Pan      | Reached skill level 10 in Shields
 69719 | Pan      | Noticed Lid Zao the pandemonium lord
 69740 | Pan      | Killed Lid Zao the pandemonium lord
 69879 | Pan      | Noticed Sauceuh the pandemonium lord
 69884 | Pan      | Killed Sauceuh the pandemonium lord
 69919 | Pan      | Acquired 469 gold pieces
 69996 | Pan      | Gained mutation: You occasionally lose the ability to drink
                  | potions when taking damage. [a cacodemon]
 69997 | Pan      | Gained mutation: You sometimes lose the ability to drink
                  | potions when taking damage. [a cacodemon]
 70053 | Pan      | Found a transporter.
 70054 | Pan      | Found a transporter.
 70070 | Pan      | Found a transporter.
 70078 | Pan      | Found a transporter.
 70080 | Pan      | Found a transporter.
 70088 | Pan      | Reached skill level 27 in Ice Magic
 70157 | Pan      | Identified the amulet of Loucreith {Spirit rC- Str-5 Int+6
                  | Stlth+}
 70162 | Pan      | Identified the +3 hat of the Conjuring Gods {rN+}
 70279 | Pan      | Entered the realm of Mnoleg.
 70300 | Pan      | Paralysed by a floating eye for 2 turns
 70545 | Pan      | Acquired the +0 hat of Knowledge {rC+ rCorr}
 70612 | Pan      | Noticed Mnoleg
 70630 | Pan      | Killed Mnoleg
 70759 | Pan      | Acquired the ring of Ephemeral Luck {rElec Int+6}
 70808 | Pan      | Got a glowing rune of Zot
 70928 | Pan      | Identified the +0 sling of Xaxa {freeze, Will+ rCorr Str-4
                  | Dex+5}
 71073 | Pan      | Reached skill level 15 in Shields
 71649 | Pan      | Noticed Hosoxt the pandemonium lord
 71657 | Pan      | Killed Hosoxt the pandemonium lord
 71746 | Pan      | Got a demonic rune of Zot
 71929 | Depths:2 | Escaped Pandemonium
 71969 | Hell     | Entered the Vestibule of Hell
 71969 | Hell     | Noticed Geryon
 71985 | Hell     | Killed Geryon
 72153 | Hell     | Found a gateway to the ashen valley of Gehenna.
 72208 | Geh:1    | Entered Level 1 of Gehenna
 72211 | Geh:1    | Noticed a dread lich
 72311 | Geh:1    | Killed a dread lich
 72704 | Geh:5    | Lost mutation: You are clumsy. (Dex -2) [potion of
                  | mutation]
 72704 | Geh:5    | Lost mutation: You sometimes lose the ability to drink
                  | potions when taking damage. [potion of mutation]
 72704 | Geh:5    | Lost mutation: You occasionally lose the ability to drink
                  | potions when taking damage. [potion of mutation]
 72704 | Geh:5    | Gained mutation: You are strong-willed. (Will+) [potion of
                  | mutation]
 72704 | Geh:5    | Gained mutation: You are partially covered in large bone
                  | plates. (SH +4) [potion of mutation]
 72704 | Geh:5    | Gained mutation: Your muscles are strong. (Str +4, Int/Dex
                  | -1) [potion of mutation]
 72785 | Geh:7    | Entered Level 7 of Gehenna
 73114 | Geh:7    | Found the +13 sceptre of Asmodeus
 73114 | Geh:7    | Noticed Asmodeus
 73126 | Geh:7    | Killed Asmodeus
 73197 | Geh:7    | Got an obsidian rune of Zot
 73597 | Geh:7    | Found the +3 greatsling "Punk" {acid, rCorr}
 73601 | Geh:7    | Identified the staff of Moderation {Dex+4 Conj}
 73613 | Geh:7    | Identified the +6 fire dragon scales "Poeth" {rElec rPois
                  | rF++ rC- Will+ Dex-4}
 73618 | Geh:7    | Identified the ring "Bunt" {rN+ Str+3 SInv}
 73801 | Hell     | Found a gateway to the freezing wastes of Cocytus.
 73826 | Coc:1    | Entered Level 1 of Cocytus
 74318 | Coc:7    | Entered Level 7 of Cocytus
 74611 | Coc:7    | Paralysed by a wendigo for 1 turns
 74673 | Coc:7    | Paralysed by a wendigo for 1 turns
 74755 | Coc:7    | Noticed Antaeus
 74776 | Coc:7    | Killed Antaeus
 74877 | Coc:7    | Got an icy rune of Zot
 74893 | Coc:7    | Identified the +10 morningstar of the Elven Halls {holy,
                  | Dex+2}
 75005 | Hell     | Found a gateway to the decaying netherworld of Tartarus.
 75018 | Hell     | Upgraded the game from 0.31-a0-875-g02e7d12df6 to
                  | 0.31-a0-879-g1609e0ac53
 75019 | Tar:1    | Entered Level 1 of Tartarus
 75019 | Tar:1    | Noticed a dread lich
 75026 | Tar:1    | Killed a dread lich
 75438 | Tar:7    | Entered Level 7 of Tartarus
 75450 | Tar:7    | Reached skill level 10 in Spellcasting
 75770 | Tar:7    | Found the +5 demon whip "Spellbinder" {antimagic, disrupt,
                  | Will+}
 75887 | Tar:7    | Identified the +2 battleaxe of the Inviting Owl {spect,
                  | Will+}
 75888 | Tar:7    | Identified the +0 ring mail of Liberalism {Harm +Inv Dex+3}
 75896 | Tar:7    | Identified the amulet of Wustri Yntyo {Acrobat -Tele Harm
                  | rF++ Stlth+}
 75899 | Tar:7    | Identified the +2 plate armour of Privacy {rElec rF+ Str+3}
 75958 | Tar:7    | Found the +7 mace of Variability {chaos, chaos arc}
 75966 | Tar:7    | Identified the scarf of Wucvamp {shadows, Harm +Blink rC-
                  | Str+5 Dex-5}
 76911 | Tar:7    | Noticed Ereshkigal
 76922 | Tar:7    | Killed Ereshkigal
 77002 | Tar:7    | Got a bone rune of Zot
 77285 | Hell     | Found a gateway to the Iron City of Dis.
 77332 | Dis:1    | Entered Level 1 of the Iron City of Dis
 77768 | Dis:7    | Entered Level 7 of the Iron City of Dis
 77876 | Dis:7    | Noticed an ancient lich
 77883 | Dis:7    | Killed an ancient lich
 78008 | Dis:7    | Noticed a juggernaut
 78014 | Dis:7    | Killed a juggernaut
 78216 | Dis:7    | Noticed a juggernaut
 78222 | Dis:7    | Killed a juggernaut
 78280 | Dis:7    | Noticed Dispater
 78291 | Dis:7    | Killed Dispater
 78337 | Dis:7    | Got an iron rune of Zot
 78517 | Zot:1    | Entered Level 1 of the Realm of Zot
 78738 | Zot:5    | Entered Level 5 of the Realm of Zot
 78933 | Zot:5    | Noticed an orb of fire
 78948 | Zot:5    | Killed an orb of fire
 78953 | Zot:5    | Noticed an orb of fire
 78954 | Zot:5    | Killed a dread lich
 78964 | Zot:5    | Killed an orb of fire
 79015 | Zot:5    | Noticed a dread lich
 79027 | Zot:5    | Reached skill level 27 in Unarmed Combat
 79031 | Zot:5    | Noticed a dread lich
 79153 | Zot:5    | Got the Orb of Zot
 79538 | D:11     | Gained mutation: You have hidden genetic defects. [a
                  | neqoxec]
 79567 | D:7      | Noticed Kele the pandemonium lord
 79574 | D:7      | Killed Kele the pandemonium lord
 79708 | D:$      | Escaped with the Orb!

Illustrated notes

Levels and vault maps discovered:
D:1:      reono_arrival_forest_river, layout_loops_corners
D:2:      layout_rooms, patterned_corridor, uniq_terence
D:3:      layout_rooms, uniq_ijyb, uniq_robin
D:4:      layout_loops_ring, minmay_temple_entry_glass, uniq_edmund
D:5:      layout_gridville, grunt_decor_mini_mirrors, minmay_circle_x
D:6:      layout_basic, amcnicky_altar_gilded, ebering_ghost_gozag,
          minmay_manual_mail, uniq_grinder
D:7:      layout_cave_pods
D:8:      layout_rooms, nicolae_elyvilon_peaceful_grove,
          erik_lair_orcish_takeover, uniq_erica, uniq_psyche
D:9:      layout_roguey, dk_vineyard_1
D:10:     layout_roguey, gammafunk_temple_overflow_claw, roderic_batcave,
          nicolae_houndstooth_variations
D:11:     layout_stronghold, hangedman_fish_farm
D:12:     layout_layer_cave, orc_david_3, uniq_azrael, uniq_fannar,
          uniq_frances, uniq_urug
D:13:     minmay_octagon_keep, layout_basic, portal_ice_cave_rime,
          eat_drink_and_be_merry_uskayaw, uniq_kirke, uniq_jorgrun
D:14:     layout_basic, lightli_vaults_fourway_checkpoint,
          nicolae_cairo_tiling_large
D:15:     hangedman_depths_entry_try_elsewhere_first, layout_long_grid,
          chequers_serial_rivers_small_b
Temple:   hellmonk_temple_divided_pantheon
Lair:1:   layout_misc_corridors
Lair:2:   dreamdust_isle_of_ice, layout_small_grid,
          minmay_shoals_entry_centaurs, dummy_snake_entry, lemuel_oklob_altar,
          grunt_megastairs_5, uniq_amaemon
Lair:3:   layout_small_grid, nicolae_volcano_entry_s_turn
Lair:4:   layout_hall_layers, uniq_josephine
Lair:5:   gammafunk_lair_ancient_temple, layout_layer_cave, slime_entry_1,
          infiniplex_staircase_pool_2, uniq_nessos
Shoals:1: layout_shoals, serial_shops, nicolae_shop_mannequins
Shoals:2: layout_shoals, uniq_polyphemus
Shoals:3: layout_shoals, serial_shops, shop_fountains,
          nicolae_shoals_wave_tunnel
Shoals:4: shoals_end_simple, layout_shoals, nicolae_shoals_circle_sea_wall
Snake:1:  layout_cave_shapes, serial_shops, shop,
          nicolae_shop_tiny_statue_garden, nicolae_shop_drivethru,
          nicolae_shop_behind_doors, nicolae_shop_tiny_real_fake_doors
Snake:2:  layout_basic, drop_trap, nicolae_snake_omega, minmay_shop_star,
          serial_bayou_shore_b
Snake:3:  layout_onion, gammafunk_ghost_abyssal_escape,
          nicolae_snake_serpentine_hallways, uniq_roxanne
Snake:4:  grunt_snake_rune_spirals, layout_onion_interference,
          nicolae_snake_gridmaze_big_u, uniq_mara
Slime:1:  cheibrodos_slime_lost_civilization_1, layout_caves,
          cheibrodos_slime_lost_civilization_6
Slime:2:  layout_caves
Slime:3:  layout_caves
Slime:4:  layout_caves, dissolution_awaits
Slime:5:  slime_pit_nicolae_amoeboid
Orc:1:    layout_diamond_mine, serial_shops, nicolae_shop_stone, uniq_snorg
Orc:2:    grunt_orc_cross, layout_diamond_mine
Elf:1:    layout_rooms, gammafunk_ghost_grave, serial_shops,
          nicolae_diamond_shop, enter_trove_3,
          portal_desolation_entry_holy_temple, minmay_elf_demonology,
          minivault_16, corner_web_ring, uniq_donald
Elf:2:    elven_hall_of_blades_hangedman_alternative
          [nooodl_blade_entry_preview], layout_geoelf_diagonals, uniq_zenata,
          uniq_louise
Elf:3:    elf_hall_gauntlet_narrow, layout_rooms, serial_shops, shop
Vaults:1: mu_enter_wizlab_6, hangedman_vaults_maws,
          nicolae_vaults_variable_pillar_hall, st_lattice,
          nicolae_vaults_diamond_1, vaults_dpeg_encased_lava,
          vaults_mumra_minichess, v_rooms_3, nicolae_vaults_border_crossing,
          nicolae_vaults_circle_grid_a, nicolae_vaults_diamond_1,
          nicolae_vaults_circle_grid_a, nicolae_vaults_tetromino_T_2,
          v_pattern_4, nicolae_vaults_apartment_2,
          nicolae_vaults_sealed_display, layout_vaults_omnibox, uniq_nikola
Vaults:2: nicolae_vaults_trapezoid_4, hangedman_vaults_trim,
          vaults_standard_mumra_enter_the_diamond,
          nicolae_vaults_closet_pinwheel_4, v_misc_27, ontoclasm_vaults_twist,
          nicolae_vaults_two_Ls, v_misc_25, nicolae_vaults_more_shelving_1,
          v_pattern_2, nicolae_vaults_little_guard_posts,
          nicolae_vaults_hexular_roomagon, nicolae_vaults_rhombus_6,
          nicolae_vaults_little_squares_1, nicolae_vaults_little_ls,
          layout_vaults_big_cross
Vaults:3: nicolae_vaults_c_with_doors, v_alt_pattern_6,
          nicolae_vaults_turnstiles, v_misc_29, ontoclasm_vaults_tryst,
          minmay_crypt_entry_vampire_xt, nicolae_vaults_trapezoid_lopsided_2,
          vaults_room_stairs_pillars, grunt_vaults_twisty,
          layout_vaults_omnigrid, uniq_saint_roka
Vaults:4: nicolae_vaults_enemy_cabinets, nicolae_vaults_weapon_check,
          vaults_dpeg_spiral, nicolae_vaults_alarming,
          nicolae_vaults_closet_pinwheel_4, hangedman_vaults_restitches,
          hangedman_vaults_corner, v_misc_12, vaults_dpeg_ring,
          nicolae_vaults_offset_grid_hallway_3, layout_vaults_maze_bifur
Vaults:5: serial_shops
Crypt:1:  gammafunk_dig_for_victory, layout_chaotic_city, basic_altar
Crypt:2:  layout_chaotic_city, lemuel_elevator, uniq_grunn, uniq_margery
Crypt:3:  church_of_pain_bobbens, layout_chaotic_city,
          tomb_entry_sphere_bobbens, uniq_jory
Tomb:1
Tomb:2:   uniq_boris
Tomb:3:   uniq_khufu
Depths:1: layout_small_grid, serial_bayou_pond_b,
          nicolae_hell_entry_hellmouth_sunbeams, fedhas_altar_1
Depths:2: minmay_cut_squares, layout_honeycomb, rand_demon_pan_entry_5,
          gammafunk_ghost_tricky_traps, hell_entry
Depths:3: thingy_vault, layout_long_grid, hell_entry,
          hangedman_abyss_entry_splay, serial_shops, bzr_entry_gold,
          solitary_fountain, grunt_megastairs_3
Depths:4: lemuel_castle_with_subvaults [lemuel_castle_interior_original],
          layout_honeycomb, enter_ziggurat_e, old_standard_altar, hell_entry,
          pan_entry
Hell
Dis:1:    layout_regular_city, nicolae_dis_emergency_hatch
Dis:2:    layout_subdivisions
Dis:3:    layout_gridville
Dis:4:    layout_jigsaw, nicolae_dis_fourth_circle
Dis:5:    layout_subdivisions
Dis:6:    layout_gridville
Dis:7:    dis_grunt_layers
Geh:1:    layout_gehenna_pools_box
Geh:2:    layout_gehenna_pools_basic
Geh:3:    layout_gehenna_lava_caves
Geh:4:    layout_gehenna_pools_basic
Geh:5:    layout_gehenna_pools_basic, nicolae_geh_lavax
Geh:6:    layout_gehenna_lava_caves
Geh:7:    evilmike_geh
Coc:1:    layout_cocytus_delve, nicolae_coc_statues_of_limitations
Coc:2:    layout_ice_bergs
Coc:3:    layout_ice_bergs
Coc:4:    layout_cocytus_water_paths
Coc:5:    layout_cocytus_water_paths
Coc:6:    layout_cocytus_water_paths
Coc:7:    coc_grunt_cove [coc_grunt_cove_antaeus, coc_grunt_cove_fiend,
          coc_grunt_cove_fiend, coc_grunt_cove_fiend, coc_grunt_cove_fiend]
Tar:1:    layout_grid_maze
Tar:2:    layout_honeycomb
Tar:3:    layout_catacombs
Tar:4:    layout_grid_maze
Tar:5:    layout_catacombs
Tar:6:    layout_cathedral_of_symmetry, nicolae_tar_cuneiform_water
Tar:7:    tar_mu [tar_mu_maze]
Zot:1:    layout_misc_corridors, uniq_josephina
Zot:2:    layout_concentric_octagons
Zot:3:    gammafunk_sealed_arena, layout_gridlike
Zot:4:    layout_basic, uniq_tiamat
Zot:5:    layout_basic

Skill      XL: |  1  2  3  4  5  6  7  8  9 10 11 12 13 14 15 16 17 18 19 20 21 22 23 24 25 26 27 |
---------------+----------------------------------------------------------------------------------+-----
Stealth        | 1 2 3 4 6 8 9 10 16 | 16.0
Fighting       | 2 3 5 6 7 8 9 10 11 12 24 | 24.8
Dodging        | 3 4 5 6 7 9 10 11 12 13 15 17 23 | 23.8
Unarmed Combat | 4 5 6 9 11 12 14 15 16 17 27 | 27.0
Shapeshifting  | 4 5 6 7 10 11 12 14 17 20 22 23 24 | 24.0
Short Blades   | 1 3 4 5 6 |  6.0
Air Magic      | 3 5 6 |  6.0
Evocations     | 2 |  2.0
Conjurations   | 3 5 6 |  6.0
Ice Magic      | 3 5 6 8 10 11 12 15 18 19 27 | 27.0
Spellcasting   | 2 4 5 6 7 8 9 12 | 12.0
Translocations | 1 5 6 |  6.0
Transmutations | 1 3 4 |  4.0
Necromancy     | 1 4 11 | 11.0
Earth Magic    | 1 4 5 |  5.0
Shields        | 25 | 25.0

Action                     |  1- 3 |  4- 6 |  7- 9 | 10-12 | 13-15 | 16-18 | 19-21 | 22-24 | 25-27 || total
---------------------------+-------+-------+-------+-------+-------+-------+-------+-------+-------++-------
  Melee: Unarmed           |    67 |    78 |       |       |   776 |   782 |   604 |   757 |  3076 ||  6140
         Constrict         |    20 |    23 |    24 |    69 |   155 |   187 |    26 |       |   375 ||   879
         Tentacles         |    15 |    23 |    31 |   157 |    15 |    11 |    27 |       |   707 ||   986
         Punch             |     1 |     1 |    10 |    46 |     4 |     2 |    69 |    89 |   578 ||   800
         Dagger            |       |    28 |   152 |   523 |    49 |       |       |       |       ||   752
  Throw: Dart              |       |       |       |    27 |     1 |       |       |       |       ||    28
   Cast: Freezing Cloud    |       |       |       |     2 |    21 |   117 |    40 |     3 |    26 ||   209
         Wereblood         |       |       |       |       |     9 |     8 |    10 |       |    25 ||    52
         Apportation       |       |       |       |       |       |     4 |     2 |    13 |   379 ||   398
         Vhi's Electric Ch |       |       |       |       |       |       |    39 |    61 |   191 ||   291
         Manifold Assault  |       |       |       |       |       |       |     9 |    14 |    58 ||    81
         Blink             |       |       |       |       |       |       |       |     1 |     1 ||     2
         Death Channel     |       |       |       |       |       |       |       |    17 |    18 ||    35
         Borgnjor's Vile C |       |       |       |       |       |       |       |     2 |     6 ||     8
         Passage of Golubr |       |       |       |       |       |       |       |     4 |       ||     4
         Polar Vortex      |       |       |       |       |       |       |       |       |   212 ||   212
         Passwall          |       |       |       |       |       |       |       |       |    13 ||    13
 Invoke: Call Merchant     |       |       |     1 |     1 |     3 |       |     2 |     3 |     4 ||    14
         Potion Petition   |       |       |       |       |       |     1 |     3 |       |    21 ||    25
         Bribe Branch      |       |       |       |       |       |       |       |       |     2 ||     2
Ability: Begin Untransform |       |       |       |       |     2 |       |       |       |     1 ||     3
         Blinkbolt         |       |       |       |       |       |       |    34 |    14 |     7 ||    55
  Evoke: Wand              |       |     2 |    11 |    23 |    11 |     1 |     2 |       |    15 ||    65
         Lightning rod     |       |       |       |       |       |       |     1 |       |       ||     1
    Use: Scroll            |       |       |    18 |    13 |     9 |     5 |     8 |     3 |    29 ||    85
         Potion            |       |       |       |     5 |     7 |     3 |     2 |     4 |    15 ||    36
   Stab: Sleeping          |     5 |     6 |    27 |    16 |    19 |    16 |    19 |    19 |    42 ||   169
         Distracted        |       |       |     2 |     7 |     6 |     8 |     5 |    23 |    89 ||   140
         Paralysed         |       |       |       |     2 |       |       |       |       |       ||     2
         Petrifying        |       |       |       |       |       |       |       |       |     1 ||     1
 Armour: Skin              |    27 |    42 |    42 |   316 |   465 |   553 |   292 |   126 |  1008 ||  2871
  Dodge: Dodged            |    26 |    46 |    55 |   259 |   556 |   681 |   669 |   612 |  2265 ||  5169
  Block: Other             |     9 |    17 |    19 |    95 |    83 |       |       |       |       ||   223
         Reflection        |       |     1 |     5 |     1 |     1 |       |       |       |       ||     8
         Tower shield      |       |       |       |       |       |       |       |       |  1062 ||  1062
         Buckler           |       |       |       |       |       |       |       |       |   214 ||   214
   Form: Anaconda          |       |       |       |       |     3 |     1 |       |       |       ||     4
         Storm             |       |       |       |       |       |     1 |     1 |       |     5 ||     7
         Statue            |       |       |       |       |       |     1 |       |       |     8 ||     9
         Death             |       |       |       |       |       |       |       |       |     7 ||     7

Table legend: (Time is in decaauts)
 A = Elapsed time spent in this place.
 B = Non-inter-level travel time spent in this place.
 C = Inter-level travel time spent in this place.
 D = Time resting spent in this place.
 E = Time spent auto-exploring this place.
 F = Levels seen in this place.
 G = Mean time per level.
                   A        B        C        D        E       F      G
               +--------+--------+--------+--------+--------+-----+--------+
         Total |  84315 |  74258 |  10057 |   5019 |  38284 | 129 |  653.6 |
       Dungeon |  17968 |  15243 |   2725 |   1376 |   9901 |  15 | 1197.9 |
        Temple |     30 |      8 |     22 |      0 |      0 |   1 |   30.0 |
          Lair |  11410 |   9808 |   1602 |   1660 |   5190 |   5 | 2282.0 |
        Shoals |   5117 |   4608 |    509 |    250 |   2877 |   4 | 1279.2 |
     Snake Pit |   4649 |   4272 |    377 |    158 |   2489 |   4 | 1162.2 |
    Slime Pits |   1758 |   1604 |    154 |    199 |    534 |   5 |  351.6 |
  Orcish Mines |   2501 |   1773 |    728 |     42 |   1162 |   2 | 1250.5 |
   Elven Halls |   3293 |   2786 |    507 |     38 |   1796 |   3 | 1097.7 |
        Vaults |   5904 |   5305 |    599 |     22 |   3519 |   5 | 1180.8 |
         Crypt |   3308 |   3095 |    213 |      0 |   2124 |   3 | 1102.7 |
          Tomb |   2467 |   2247 |    220 |      0 |   1458 |   3 |  822.3 |
        Depths |   4936 |   3821 |   1115 |    133 |   2174 |   4 | 1234.0 |
          Hell |    884 |    771 |    113 |    244 |     38 |   1 |  884.0 |
           Dis |   1431 |   1164 |    267 |     83 |     57 |   7 |  204.4 |
       Gehenna |   2100 |   1601 |    499 |     91 |    218 |   7 |  300.0 |
       Cocytus |   1550 |   1343 |    207 |    149 |      0 |   7 |  221.4 |
      Tartarus |   2011 |   1863 |    148 |     62 |    939 |   7 |  287.3 |
           Zot |    900 |    855 |     45 |     90 |     21 |   5 |  180.0 |
         Abyss |   2048 |   2048 |      0 |     47 |    306 |   6 |  341.3 |
   Pandemonium |   9079 |   9079 |      0 |    328 |   3285 |  24 |  378.3 |
      Ziggurat |    368 |    368 |      0 |     17 |      0 |   8 |   46.0 |
        Bazaar |    108 |    108 |      0 |      0 |      0 |   1 |  108.0 |
         Trove |    101 |    101 |      0 |      0 |     23 |   1 |  101.0 |
        Wizlab |    383 |    383 |      0 |     24 |    170 |   1 |  383.0 |
               +--------+--------+--------+--------+--------+-----+--------+

Top non-repeatable levels by time:
  Lair:2: 3038 daAuts
    D:11: 2444 daAuts
  Lair:4: 2349 daAuts
  Lair:5: 2127 daAuts
  Lair:1: 2053 daAuts
     D:8: 2040 daAuts
 Abyss:3: 1946 daAuts
  Lair:3: 1842 daAuts
   Orc:2: 1814 daAuts
    D:12: 1789 daAuts
   Tar:7: 1616 daAuts
Vaults:3: 1606 daAuts
    D:10: 1538 daAuts
Depths:2: 1505 daAuts
Shoals:3: 1485 daAuts
